 Dungeon Crawl Stone Soup version 0.24.0-29-g8ce449bc06 (webtiles) character file.

Game seed: 11836858019206509388, levelgen mode: deterministic

104 Aelig the Vexing (level 4, -8/24 HPs)
             Began as a Vampire Enchanter on Nov 16, 2019.
             Mangled by an ogre
             ... wielding a +0 giant spiked club
              (32 damage)
             ... on level 4 of the Dungeon.
             The game lasted 00:05:47 (2678 turns).

Aelig the Vexing (Vampire Enchanter)                Turns: 2678, Time: 00:05:48

Health: -8/24      AC:  5    Str:  7    XL:     4   Next: 52%
Magic:  4/7        EV: 12    Int: 21    God:
Gold:   108        SH:  0    Dex: 14    Spells: 1/7 levels left

rFire    . . .     SeeInvis +   s - +1 short sword (drain)
rCold    + + .     Gourm    .   (no shield)
rNeg     + + +     Faith    .   b - +0 robe
rPois    ∞         Spirit   .   c - +2 helmet {Int+3}
rElec    .         Reflect  .   (no cloak)
rCorr    .         Harm     .   (no gloves)
MR       .....                  (no boots)
Stlth    +++++.....             (no amulet)
HPRegen  0.00/turn              (no ring)
MPRegen  0.10/turn              (no ring)

@: bloodless, regenerating quickly
A: no food, fangs 3, see invisible, unbreathing
a: Bat Form, Revivify


You were on level 4 of the Dungeon.
You were bloodless.

You visited 1 branch of the dungeon, and saw 4 of its levels.

You collected 108 gold pieces.

Inventory:

Hand Weapons
 a - a +1 dagger
 s - a +1 short sword of draining (weapon)
Armour
 b - a +0 robe (worn)
 c - a +2 helmet of intelligence (worn)
 r - a +0 buckler
Jewellery
 g - an uncursed ring of positive energy {unknown}
Wands
 p - a wand of flame (19)
 t - a wand of iceblast (11)
Scrolls
 d - 5 scrolls of identify {unknown}
 e - a scroll of teleportation {unknown}
 f - a scroll of random uselessness {unknown}
 i - 2 scrolls of enchant weapon {unknown}
 k - 2 scrolls of immolation {unknown}
 l - 2 scrolls of remove curse {unknown}
 n - 2 scrolls of fear {unknown}
 o - a scroll of enchant armour {unknown}
Potions
 h - a potion of curing {unknown}
 j - a potion of heal wounds {unknown}
 m - a potion of might {unknown}
 q - a potion of invisibility {unknown}
 u - 2 potions of haste {unknown}


   Skills:
 + Level 1.5 Short Blades
 - Level 2.1 Dodging
 - Level 4.4 Stealth
 - Level 2.0 Spellcasting
 + Level 6.6 Hexes
 + Level 2.3 Ice Magic


You had one spell level left.
You knew the following spells:

 Your Spells              Type           Power        Failure   Level  Hunger
a - Corona                Hex            ####...      1%          1    N/A
b - Ensorcelled Hibernat  Hex/Ice        ###...       3%          2    N/A
c - Confuse               Hex            ####....     3%          3    N/A

Your spell library contained the following spells:

 Spells                   Type           Power        Failure   Level  Hunger
 Tukima's Dance           Hex            ####....     3%          3    N/A
 Dazzling Spray           Conj/Hex       ###...       12%         3    N/A

Dungeon Overview and Level Annotations

Branches:
Dungeon (4/15)
 Temple: D:4-7

Altars:
Cheibriados
Okawaru


Innate Abilities, Weirdness & Mutations

You do not eat.
You do not regenerate when monsters are visible.
You are frail without blood (-20% HP).
You can heal yourself when you bite living creatures.
You are immune to poison.
You have razor-sharp teeth.
You have supernaturally acute eyesight. (SInv)
You can survive without breathing.


Message History

Things that are here:
a jackal corpse; a worker ant corpse You start resting.
Magic restored.
You start resting.
HP restored.
An ogre comes into view. It is wielding a +0 giant spiked club.
The helpless ogre fails to defend itself.
You bite the ogre, and draw its blood! You puncture the ogre!
The ogre is heavily wounded.
The ogre closely misses you.
Casting: Ensorcelled Hibernation (safe; 3% risk of failure)
Confirm with . or Enter, or press ? or * to list all spells.
Aiming: Confuse (safe; 3% risk of failure)
Press: ? - help, Shift-Dir - straight line, f - ogre
Aim: an ogre, wielding a +0 giant spiked club (heavily wounded, chance to defeat MR: 58%)
The ogre resists with significant effort.
The ogre hits you with a +0 giant spiked club!!
Ouch! That really hurt!
You die...

#.#......#
..#..##.#
#.#.#..#.#
.........
#......#.#
.##..##.#
###......#
).......#
#....#.#
....#.#..
#.#..#.# ##
#.###
#......#### #
##........#
#...#@##.# ##
#....O##.##..
#..##.......#
#.....##.####
##.......#
#########


You could see an ogre.

Vanquished Creatures
  A worker ant (D:4)
  An adder (D:2)
  An ooze (D:1)
  2 worms
  3 leopard geckos
  An orc (D:3)
  3 ball pythons
  4 bats
  3 giant cockroaches
  3 goblins (D:1)
  9 hobgoblins
  8 jackals
  5 frilled lizards
  4 kobolds
  6 rats
54 creatures vanquished.

Notes
Turn   | Place    | Note
-------+----------+-------------------------------------------
     0 | D:1      | Aelig the Vampire Enchanter began the quest for the Orb.
     0 | D:1      | Reached XP level 1. HP: 13/13 MP: 3/3
   132 | D:1      | Reached skill level 5 in Hexes
   142 | D:1      | Reached XP level 2. HP: 13/19 MP: 3/5
   146 | D:1      | Learned a level 2 spell: Ensorcelled Hibernation
   957 | D:2      | Reached skill level 1 in Ice Magic
  1048 | D:2      | Reached XP level 3. HP: 24/24 MP: 4/6
  1057 | D:2      | Learned a level 3 spell: Confuse
  1209 | D:2      | Reached skill level 6 in Hexes
  1953 | D:3      | Reached XP level 4. HP: 24/24 MP: 7/7
  2176 | D:4      | Found a snail-covered altar of Cheibriados.
  2370 | D:4      | Found an iron altar of Okawaru.
  2671 | D:4      | Noticed an ogre
  2678 | D:4      | Mangled by an ogre

Levels and vault maps discovered:
D:1:      dpeg_arrival_chambers_temple_mockup, layout_loops_ring,
          minmay_crystal_water, fountainhead
D:2:      layout_loops_ring, chequers_serial_rivers_micro_c,
          grunt_ministairs_11, kennysheep_decorative_pillar
D:3:      layout_rooms, minmay_misc_feat_plants
D:4:      layout_loops_cross, kennysheep_little_box, kennysheep_mini,
          first_ration

Skill      XL: |  1  2  3 |
---------------+----------+-----
Hexes          | 5 6 |  6.6
Ice Magic      | 1 2 |  2.3
Short Blades   | |  1.5
Dodging        | |  2.1
Stealth        | |  4.4
Spellcasting   | |  2.0

Action                   |  1- 3 |  4- 6 || total
-------------------------+-------+-------++-------
Melee: Dagger            |   132 |     2 ||   134
       Bite              |     8 |       ||     8
       Short sword       |       |    20 ||    20
 Cast: Corona            |    19 |       ||    19
       Ensorcelled Hiber |    11 |     1 ||    12
       Confuse           |       |     1 ||     1
 Abil: Exsanguinate      |     1 |       ||     1
 Stab: Sleeping          |    17 |     5 ||    22
       Distracted        |     1 |       ||     1
Armor: Robe              |    27 |    13 ||    40
Dodge: Dodged            |    83 |     6 ||    89
